cohdb
Replays
Latest Replays
All Replays
Popular Replays
Top Player Replays
Match Explorer
How It Works
Community
CoH3 Stats
Reddit
Sign in to upload your games and track your stats! →
Sign in with Steam
Match 42299001
Unlisted
Match 42299001
Overview
Messages
Build Orders
End
Pioneer Squad
Construct Infanterie Kompanie
MG 42 Machine Gun Team
Selects Breakthrough Battlegroup
Selects Assault Grenadiers
Grenadier Squad
Grenadier Squad
Construct Panzergrenadier Kompanie
GrW 34 Mortar Team
Medical Bunker
Support Elements
Panzergrenadier Squad
Pak 40 Anti-tank Gun Team
Selects Breakthrough
Selects Mechanized Assault Group
Mechanized Assault Group
Selects Rapid Production
Construct Panzer Kompanie
Panzer Officer Quarters
Side Skirts
Infanterie Officer Quarters
Panzergrenadier Officer Quarters
Nebelwerfer 42 Rocket Launcher Team
Banillo
NA
Insomniac
SxNine
0
0
Comments
sign in to comment!
No comments posted yet!